 Dungeon Crawl Stone Soup version 0.19.5 (webtiles) character file.

18 vatarom the Gusty (level 2, -1/15 HPs)
             Began as a Tengu Air Elementalist on Mar 8, 2017.
             Succumbed to an adder's poison
             ... on level 2 of the Dungeon.
             The game lasted 00:02:38 (1383 turns).

vatarom the Gusty (Tengu Air Elementalist)          Turns: 1383, Time: 00:02:38

Health: -1/15      AC:  2    Str:  8    XL:     2   Next: 70%
Magic:  1/6        EV: 12    Int: 13    God:
Gold:   99         SH:  0    Dex: 14    Spells: 3 memorised, 0 levels left

rFire  . . .     SeeInvis +     g - +0 dagger
rCold  . . .     Gourm    .     a - +0 robe
rNeg   . . .     Faith    .     (no shield)
rPois  .         Spirit   .     (helmet restricted)
rElec  .         Reflect  .     (no cloak)
rCorr  .         Harm     .     (no gloves)
MR     .....     Rnd*Rage +     (boots unavailable)
Stlth  ++........               (no amulet)
                                (no ring)
                                (no ring)

@: lethally poisoned (-1 -> -19), repel missiles
A: beak, talons 3, see invisible, berserk 1, dopey 1
a: no special abilities


You were on level 2 of the Dungeon.
You were not hungry.

You visited 1 branch of the dungeon, and saw 2 of its levels.

You collected 99 gold pieces.

Inventory:

Hand Weapons
 g - a +0 dagger (weapon)
Armour
 a - a +0 robe (worn)
Scrolls
 d - 3 scrolls of identify
 f - a scroll of amnesia
Books
 b - a book of Air

   Spells                             Type                      Level
   a - Shock                          Conjuration/Air              1
   b - Swiftness                      Charms/Air                   2
   c - Repel Missiles                 Charms/Air                   2
   d - Static Discharge               Conjuration/Air              3
   e - Lightning Bolt                 Conjuration/Air              5
Comestibles
 c - 2 bread rations


   Skills:
 - Level 2.1 Dodging
 - Level 2.0 Stealth
 - Level 2.0 Spellcasting
 - Level 1.3 Conjurations
 + Level 5.2 Air Magic


You couldn't memorise any spells.
You knew the following spells:

 Your Spells              Type           Power        Failure   Level  Hunger
a - Shock                 Conj/Air       #...         10%         1    ##.....
b - Repel Missiles        Chrm/Air       #.....       14%         2    ###....
c - Swiftness             Chrm/Air       #.......     14%         2    ###....


Dungeon Overview and Level Annotations

Branches:
Dungeon (2/15)

Altars:


Innate Abilities, Weirdness & Mutations

You have a beak for a mouth.
You have claws for feet.
You have supernaturally acute eyesight. (SInv)
You tend to lose your temper in combat.
You are dopey. (Int -2)


Message History

The adder poisons you! The adder bites you.
You are more poisoned.
The adder poisons you!
Casting: Shock
Confirm with . or Enter, or press ? or * to list all spells.
You don't have enough magic to cast that spell.
Unknown command.
You barely miss the adder. Your peck misses the adder.
The adder is almost dead.
You feel sick. The adder misses you.
You barely miss the adder.
The adder is almost dead.
* * * LOW HITPOINT WARNING * * *
You feel sick. The adder bites you.
* * * LOW HITPOINT WARNING * * *
You are more poisoned.
The adder poisons you!
You closely miss the adder.
The adder is almost dead.
You die...

## ### #.#####
.#...##......
...#.#.#.#.###
#........... #
#.##.>S#.#
.....#@..#
#.#.#†.#######
###............#
#........#####.#
#.###.##.# #.# #
## #######.##.#
#..)#>..#
####.#### #.#


You could see an adder.

Vanquished Creatures
  2 bats (D:2)
  A giant cockroach (D:1)
  2 goblins
  4 hobgoblins
  2 frilled lizards (D:1)
  4 kobolds (D:1)
  3 rats (D:1)
18 creatures vanquished.

Notes
Turn   | Place    | Note
-------+----------+-------------------------------------------
     0 | D:1      | vatarom the Tengu Air Elementalist began the quest for the Orb.
     0 | D:1      | Reached XP level 1. HP: 10/10 MP: 4/4
   506 | D:1      | Reached XP level 2. HP: 13/15 MP: 6/6
   641 | D:1      | Gained mutation: You have supernaturally acute eyesight. (SInv) [potion of mutation]
   641 | D:1      | Gained mutation: You are dopey. (Int -2) [potion of mutation]
   641 | D:1      | Gained mutation: You tend to lose your temper in combat. [potion of mutation]
   789 | D:1      | Learned a level 2 spell: Repel Missiles
   792 | D:1      | Learned a level 2 spell: Swiftness
  1006 | D:1      | Reached skill level 5 in Air Magic
  1383 | D:2      | Succumbed to an adder's poison

Skill      XL: |  1  2 |
---------------+-------+-----
Air Magic      | 5 |  5.2
Dodging        | |  2.1
Stealth        | |  2.0
Spellcasting   | |  2.0
Conjurations   | |  1.3

Action                   || total
-------------------------++-------
Melee: Unarmed           ||    14
       Kick              ||     3
       Peck              ||     2
       Dagger            ||    12
 Cast: Shock             ||    42
       Repel Missiles    ||     1
  Use: Scroll            ||     5
       Potion            ||     3
 Stab: Sleeping          ||     1
  Eat: Meat ration       ||     1
Armor: Robe              ||     9
Dodge: Dodged            ||    24
